PL
CHICAGO SILVER SOX @ NORTHERN VIRGINIA RAINBOW MERMAIDS
07/11/2039
 
TOP OF THE 1ST
Chicago Silver Sox batting - Pitching for Northern Virginia Rainbow Mermaids : LHP Noe Toepfer
Pitching: LHP Noe Toepfer
Batting: RHB Loring Rommel 0-0: Called Strike
0-1: Called Strike
0-2: Ball
1-2: Ball
2-2: Fly out, F9 (Flyball, 9, EV 83.8 MPH)
Batting: RHB Ricardo Mireles 0-0: Swinging Strike
0-1: Called Strike
0-2: Strikes out swinging
Batting: RHB Melvin Thomas 0-0: Fly out, F9 (Line Drive, 9, EV 87.5 MPH)
Top of the 1st over - 0 runs, 0 hits, 0 errors, 0 left on base; Chicago 0 - Northern Virginia 0
BOTTOM OF THE 1ST
Northern Virginia Rainbow Mermaids batting - Pitching for Chicago Silver Sox : RHP Rhys Maskell
Pitching: RHP Rhys Maskell
Batting: LHB Rylen Roersma 0-0: Swinging Strike
0-1: Swinging Strike
0-2: Ball
1-2: Ball
2-2: Foul Ball, location: 2F
2-2: Ground out 6-3 (Groundball, 6, EV 90.0 MPH)
Batting: RHB Mario Castillo 0-0: Ball
1-0: Called Strike
1-1: Foul Ball, location: 2F
1-2: Strikes out swinging
Batting: LHB Tural Bishara 0-0: Ball
1-0: Foul Ball, location: 2F
1-1: Swinging Strike
1-2: Strikes out swinging
Bottom of the 1st over - 0 runs, 0 hits, 0 errors, 0 left on base; Chicago 0 - Northern Virginia 0
TOP OF THE 2ND
Chicago Silver Sox batting - Pitching for Northern Virginia Rainbow Mermaids : LHP Noe Toepfer
Batting: RHB Fortunato Rasquinha 0-0: Called Strike
0-1: Foul Ball, location: 2F
0-2: Strikes out looking
Batting: LHB Jonathan Gunner 0-0: Ball
1-0: Ground out 6-3 (Groundball, 56, EV 102.5 MPH)
Batting: RHB Garm van Opdorp 0-0: Ball
1-0: Swinging Strike
1-1: Ground out 4-3 (Groundball, 4, EV 100.6 MPH)
Top of the 2nd over - 0 runs, 0 hits, 0 errors, 0 left on base; Chicago 0 - Northern Virginia 0
BOTTOM OF THE 2ND
Northern Virginia Rainbow Mermaids batting - Pitching for Chicago Silver Sox : RHP Rhys Maskell
Batting: SHB Lupo Cotto 0-0: Called Strike
0-1: SINGLE (Groundball, 6MD, EV 106.9 MPH)
Batting: RHB Phil McCroskey 0-0: Fly out, F7 (Line Drive, 7, EV 98.1 MPH)
Batting: LHB Tim Stinson 0-0: Swinging Strike
0-1: Ball
1-1: Grounds into double play, 4-6-3 (Groundball, 4, EV 100.0 MPH)
Bottom of the 2nd over - 0 runs, 1 hit, 0 errors, 0 left on base; Chicago 0 - Northern Virginia 0
TOP OF THE 3RD
Chicago Silver Sox batting - Pitching for Northern Virginia Rainbow Mermaids : LHP Noe Toepfer
Batting: SHB Gerrie Bond 0-0: Called Strike
0-1: Swinging Strike
0-2: Ball
1-2: Ground out 6-3 (Groundball, 6, EV 92.5 MPH)
Batting: RHB Mitsuhide Bando 0-0: Fly out, F7 (Line Drive, 7D, EV 86.2 MPH)
Batting: SHB Bren Spillane 0-0: Foul Ball, location: 2F
0-1: Foul Ball, location: 2F
0-2: Ball
1-2: Ball
2-2: Strikes out swinging
Top of the 3rd over - 0 runs, 0 hits, 0 errors, 0 left on base; Chicago 0 - Northern Virginia 0
BOTTOM OF THE 3RD
Northern Virginia Rainbow Mermaids batting - Pitching for Chicago Silver Sox : RHP Rhys Maskell
Batting: RHB Rob Brooks 0-0: Fly out, F7 (Flyball, 7LS, EV 86.2 MPH)
Batting: LHB Manuel Carmona 0-0: Called Strike
0-1: Ground out U3 (Groundball, 34, EV 103.8 MPH)
Batting: RHB José Santos 0-0: Called Strike
0-1: Ball
1-1: Swinging Strike
1-2: Ball
2-2: Ball
3-2: SINGLE (Groundball, 4MD, EV 98.8 MPH)
Batting: LHB Rylen Roersma 0-0: Foul Ball, location: 2F
0-1: Ball
1-1: Ball
José Santos steals 2nd base
2-1: Foul Ball, location: 2F
2-2: Ball
3-2: Foul Ball, location: 2F
3-2: Foul Ball, location: 2F
3-2: Foul Ball, location: 2F
3-2: Fly out, F8 (Flyball, 8RM, EV 93.8 MPH)
Bottom of the 3rd over - 0 runs, 1 hit, 0 errors, 1 left on base; Chicago 0 - Northern Virginia 0
TOP OF THE 4TH
Chicago Silver Sox batting - Pitching for Northern Virginia Rainbow Mermaids : LHP Noe Toepfer
Batting: RHB Loring Rommel 0-0: Swinging Strike
0-1: Foul Ball, location: 2F
0-2: SINGLE (Line Drive, 8RS, EV 89.4 MPH)
Batting: RHB Ricardo Mireles 0-0: Foul Ball, location: 2F
0-1: Foul Ball, location: 2F
0-2: Ball
1-2: Grounds into double play, 5-4-3 (Groundball, 5S, EV 88.1 MPH)
Batting: RHB Melvin Thomas 0-0: Ball
1-0: Fly out, F8 (Line Drive, 8RD, EV 90.6 MPH)
Top of the 4th over - 0 runs, 1 hit, 0 errors, 0 left on base; Chicago 0 - Northern Virginia 0
BOTTOM OF THE 4TH
Northern Virginia Rainbow Mermaids batting - Pitching for Chicago Silver Sox : RHP Rhys Maskell
Batting: RHB Mario Castillo 0-0: Called Strike
0-1: Ball
1-1: SINGLE (Line Drive, 9S, EV 86.9 MPH)
Batting: LHB Tural Bishara 0-0: Swinging Strike
0-1: 2-RUN HOME RUN (Flyball, 7LD, EV 92.5 MPH), Distance : 355 ft
Batting: SHB Lupo Cotto 0-0: Fly out, F7 (Flyball, 78M, EV 90.0 MPH)
Batting: RHB Phil McCroskey 0-0: Ball
1-0: Ground out 6-3 (Groundball, 6, EV 85.6 MPH)
Batting: LHB Tim Stinson 0-0: SINGLE (Line Drive, 56D, EV 98.8 MPH)
Batting: RHB Rob Brooks 0-0: Ball
1-0: Swinging Strike
1-1: Ball
2-1: Foul Ball, location: 2F
2-2: Ball
3-2: Fly out, F8 (Flyball, 8LS, EV 92.5 MPH)
Bottom of the 4th over - 2 runs, 3 hits, 0 errors, 1 left on base; Chicago 0 - Northern Virginia 2
TOP OF THE 5TH
Chicago Silver Sox batting - Pitching for Northern Virginia Rainbow Mermaids : LHP Noe Toepfer
Batting: RHB Fortunato Rasquinha 0-0: Ball
1-0: Ball
2-0: Fly out, F8 (Flyball, 89M, EV 96.9 MPH)
Batting: LHB Jonathan Gunner 0-0: Called Strike
0-1: Called Strike
0-2: Foul Ball, location: 2F
0-2: Strikes out swinging
Batting: RHB Garm van Opdorp 0-0: Ball
1-0: Called Strike
1-1: Foul Ball, location: 2F
1-2: Foul Ball, location: 2F
1-2: Ball
2-2: Strikes out looking
Top of the 5th over - 0 runs, 0 hits, 0 errors, 0 left on base; Chicago 0 - Northern Virginia 2
BOTTOM OF THE 5TH
Northern Virginia Rainbow Mermaids batting - Pitching for Chicago Silver Sox : RHP Rhys Maskell
Batting: LHB Manuel Carmona 0-0: Ball
1-0: Fly out, F7 (Line Drive, 7D, EV 88.1 MPH)
Batting: RHB José Santos 0-0: Fly out, F7 (Flyball, 7LMF, EV 105.0 MPH)
Batting: LHB Rylen Roersma 0-0: Foul Ball, location: 2F
0-1: Hit by Pitch
Batting: RHB Mario Castillo 0-0: Ball
1-0: Ball
Rylen Roersma steals 2nd base
2-0: DOUBLE (Flyball, 8LXD, EV 113.1 MPH)
Rylen Roersma scores
Batting: LHB Tural Bishara 0-0: Ball
1-0: Foul Ball, location: 2F
1-1: Foul Ball, location: 2F
1-2: Ball
2-2: Fly out, F2 (Popup, 23F, EV 85.6 MPH)
Bottom of the 5th over - 1 run, 1 hit, 0 errors, 1 left on base; Chicago 0 - Northern Virginia 3
TOP OF THE 6TH
Chicago Silver Sox batting - Pitching for Northern Virginia Rainbow Mermaids : LHP Noe Toepfer
Batting: SHB Gerrie Bond 0-0: Ball
1-0: Foul Ball, location: 2F
1-1: Fly out, F8 (Flyball, 8LD, EV 86.2 MPH)
Batting: RHB Mitsuhide Bando 0-0: Ball
1-0: Ball
2-0: Called Strike
2-1: SINGLE (Groundball, 6D, EV 98.1 MPH)
Batting: SHB Bren Spillane 0-0: Ball
1-0: Ball
2-0: Foul Ball, location: 2F
2-1: Ball
3-1: Fielders Choice at 2nd, 5-4 (Groundball, 56, EV 82.5 MPH)
Batting: RHB Loring Rommel 0-0: Foul Ball, location: 2F
0-1: Called Strike
Bren Spillane steals 2nd base
0-2: Ball
1-2: Foul Ball, location: 2F
1-2: SINGLE (Groundball, 56D, EV 93.8 MPH)
Bren Spillane to third
Runner from 3rd tries for Home, SAFE, throw by LF to home
Loring Rommel to second
Batting: RHB Ricardo Mireles 0-0: Called Strike
0-1: Called Strike
0-2: Ball
1-2: Ball
2-2: Foul Ball, location: 2F
2-2: Ground out 1-3 (Groundball, P, EV 88.8 MPH)
Top of the 6th over - 1 run, 2 hits, 0 errors, 1 left on base; Chicago 1 - Northern Virginia 3
BOTTOM OF THE 6TH
Northern Virginia Rainbow Mermaids batting - Pitching for Chicago Silver Sox : RHP Rhys Maskell
Batting: SHB Lupo Cotto 0-0: Ball
1-0: Swinging Strike
1-1: Called Strike
1-2: Ground out 4-3 (Groundball, 4, EV 83.1 MPH)
Batting: RHB Phil McCroskey 0-0: Foul Ball, location: 2F
0-1: Foul Ball, location: 2F
0-2: Strikes out swinging
Batting: LHB Tim Stinson 0-0: Ball
1-0: Swinging Strike
1-1: Ball
2-1: Swinging Strike
2-2: Strikes out swinging
Bottom of the 6th over - 0 runs, 0 hits, 0 errors, 0 left on base; Chicago 1 - Northern Virginia 3
TOP OF THE 7TH
Chicago Silver Sox batting - Pitching for Northern Virginia Rainbow Mermaids : LHP Noe Toepfer
Batting: RHB Melvin Thomas 0-0: Called Strike
0-1: Ball
1-1: Foul Ball, location: 2F
1-2: Ball
2-2: Strikes out swinging
Batting: RHB Fortunato Rasquinha 0-0: Swinging Strike
0-1: Ball
1-1: Called Strike
1-2: Foul Ball, location: 2F
1-2: Ball
2-2: Strikes out swinging
Batting: LHB Jonathan Gunner 0-0: Ball
1-0: Called Strike
1-1: Swinging Strike
1-2: Foul Ball, location: 2F
1-2: Ball
2-2: Ball
3-2: Strikes out swinging
Top of the 7th over - 0 runs, 0 hits, 0 errors, 0 left on base; Chicago 1 - Northern Virginia 3
BOTTOM OF THE 7TH
Northern Virginia Rainbow Mermaids batting - Pitching for Chicago Silver Sox : RHP Rhys Maskell
Batting: RHB Rob Brooks 0-0: Fly out, F8 (Flyball, 78D, EV 89.4 MPH)
Batting: LHB Manuel Carmona 0-0: Fly out, F8 (Flyball, 8LXD, EV 99.4 MPH)
Batting: RHB José Santos 0-0: Ball
1-0: Fly out, F7 (Flyball, 7, EV 92.5 MPH)
Bottom of the 7th over - 0 runs, 0 hits, 0 errors, 0 left on base; Chicago 1 - Northern Virginia 3
TOP OF THE 8TH
Chicago Silver Sox batting - Pitching for Northern Virginia Rainbow Mermaids : LHP Noe Toepfer
Batting: RHB Garm van Opdorp 0-0: Called Strike
0-1: Ball
1-1: Foul Ball, location: 2F
1-2: Ball
2-2: Fly out, F7 (Flyball, 78D, EV 96.9 MPH)
Pitching: RHP Yoriyoshi Sugimoto
Batting: SHB Gerrie Bond 0-0: Ball
1-0: Called Strike
1-1: Foul Ball, location: 2F
1-2: Foul Ball, location: 2F
1-2: Strikes out swinging
Batting: RHB Mitsuhide Bando 0-0: SINGLE (Groundball, 56D, EV 109.4 MPH)
Batting: SHB Bren Spillane 0-0: Foul Ball, location: 2F
0-1: Foul Ball, location: 2F
0-2: Strikes out swinging
Top of the 8th over - 0 runs, 1 hit, 0 errors, 1 left on base; Chicago 1 - Northern Virginia 3
BOTTOM OF THE 8TH
Northern Virginia Rainbow Mermaids batting - Pitching for Chicago Silver Sox : RHP Rhys Maskell
Batting: LHB Rylen Roersma 0-0: Called Strike
0-1: SINGLE (Groundball, 6D, EV 96.9 MPH)
Batting: RHB Mario Castillo 0-0: Ball
1-0: Bunted foul
1-1: Bunted foul
1-2: Foul Ball, location: 2F
1-2: Ball
2-2: Ball
3-2: Fielders Choice at 2nd, 6-4 (Groundball, 6D, EV 96.9 MPH)
Batting: LHB Tural Bishara 0-0: Ball
1-0: Called Strike
1-1: Ball
2-1: Called Strike
2-2: Foul Ball, location: 2F
2-2: Strikes out swinging
Batting: SHB Lupo Cotto 0-0: Fly out, F7 (Flyball, 78D, EV 101.9 MPH)
Bottom of the 8th over - 0 runs, 1 hit, 0 errors, 1 left on base; Chicago 1 - Northern Virginia 3
TOP OF THE 9TH
Chicago Silver Sox batting - Pitching for Northern Virginia Rainbow Mermaids : RHP Yoriyoshi Sugimoto
Pitching: RHP Brewster Warble
Batting: RHB Loring Rommel 0-0: Ball
1-0: Fly out, F8 (Line Drive, 8LD, EV 105.0 MPH)
Batting: RHB Ricardo Mireles 0-0: Ball
1-0: Ball
2-0: Swinging Strike
2-1: Foul Ball, location: 2F
2-2: Strikes out swinging
Batting: RHB Melvin Thomas 0-0: Swinging Strike
0-1: Ball
1-1: Ball
2-1: SINGLE (Line Drive, 8LS, EV 93.1 MPH)
Pinch Hitting: LHB Larry McLambroch 0-0: Ball
1-0: Fly out, F8 (Flyball, 8LM, EV 96.2 MPH)
Top of the 9th over - 0 runs, 1 hit, 0 errors, 1 left on base; Chicago 1 - Northern Virginia 3
Wednesday, July 8th, 2020 - OOTP Baseball 20.8 Build 74